 Dungeon Crawl Stone Soup version 0.30.1-11-g7821555f0a (webtiles) character file.

Game seed: 12007871648551020949

61 kirbo the Firebug (level 3, -2/28 HPs)
             Began as a Demigod Fire Elementalist on Jan 12, 2024.
             Slain by a gnoll
             ... wielding a +0 flail
              (3 damage)
             ... on level 3 of the Dungeon.
             The game lasted 00:13:32 (870 turns).

kirbo the Firebug (Demigod Fire Elementalist)        Turns: 870, Time: 00:13:33

Health: -2/28      AC:  6    Str: 13    XL:     3   Next: 58%
Magic:  7/8        EV: 11    Int: 17    God:
Gold:   48         SH:  0    Dex: 14    Spells: 2/5 levels left

rFire   . . .        e - +0 dagger
rCold   . . .        (no shield)
rNeg    . . .        h - +0 ring mail
rPois   .            f - +0 helmet
rElec   .            (no cloak)
rCorr   .            (no gloves)
SInv    .            (no boots)
Will    .....        j - amulet of the acrobat
Stlth   +            (no ring)
HPRegen 0.24/turn    (no ring)
MPRegen 0.11/turn

%: acrobat
@: no status effects
A: high MP 1, forlorn, divine attributes
a: no special abilities


You were on level 3 of the Dungeon.
You visited 1 branch of the dungeon, and saw 3 of its levels.

You collected 48 gold pieces.

Inventory:

Hand Weapons
 e - a +0 dagger (weapon)
Missiles
 l - 6 poisoned darts
Armour
 a - a +0 robe
 f - a +0 helmet (worn)
 h - a +0 ring mail (worn)
Jewellery
 i - a ring of poison resistance
 j - an amulet of the acrobat (around neck)
Scrolls
 c - a scroll of teleportation {unknown}
 g - a scroll of fear {unknown}
Potions
 b - a potion of magic
 d - a potion of might {unknown}
 k - a potion of heal wounds {unknown}
 m - a potion of brilliance {unknown}


   Skills:
 + Level 1.1 Fighting
 + Level 0.5 Short Blades
 + Level 1.0 Armour
 + Level 2.3 Dodging
 + Level 2.1 Stealth
 + Level 0.1 Unarmed Combat
 + Level 1.8 Spellcasting
 + Level 1.0 Conjurations
 + Level 2.9 Fire Magic


You had 2 spell levels left.
You knew the following spells:

 Your Spells              Type           Power      Damage    Failure   Level
a - Foxfire               Conj/Fire      32%        2x1d5     19%         1
b - Scorch                Fire           22%        2d5       19%         2

Your spell library contained the following spells:

 Spells                   Type           Power      Damage    Failure   Level
 Inner Flame              Hex/Fire       6%         N/A       56%         3
 Volatile Blastmotes      Fire/Tloc      12%        2d11      56%         3
 Flame Wave               Conj/Fire      8%         2d5       88%         4


Dungeon Overview and Level Annotations

Branches:
Dungeon (3/15)


Innate Abilities, Weirdness & Mutations

You have an increased reservoir of magic. (+10% MP)
You shall have no god before yourself.
Your divine heritage dramatically boosts your attributes as you level up.


Message History

* * * LOW HITPOINT WARNING * * *
You hit the gnoll. Your punch misses the gnoll.
The gnoll is heavily wounded.
The gnoll barely misses you. x2
You hit the gnoll but do no damage.
The gnoll is heavily wounded.
The gnoll hits you with a +0 club.
* * * LOW HITPOINT WARNING * * *
You barely miss the gnoll.
The gnoll is heavily wounded.
The gnoll is no longer more vulnerable to fire.
The gnoll hits you but does no damage.
A gnoll comes into view. It is wielding a +0 flail.
The gnoll closely misses you.
The gnoll shouts!
You hit the gnoll but do no damage.
The gnoll is heavily wounded.
The gnoll misses you.
You barely miss the gnoll.
The gnoll is heavily wounded.
The gnoll hits you with a +0 club.
* * * LOW HITPOINT WARNING * * *
The gnoll barely misses you.
You barely miss the gnoll.
The gnoll is heavily wounded.
The gnoll hits you but does no damage.
You hit the gnoll but do no damage.
The gnoll is heavily wounded.
The gnoll hits you but does no damage. The gnoll closely misses you.
You hit the gnoll.
The gnoll is almost dead.
The gnoll completely misses you.
You hit the gnoll.
You kill the gnoll!
You hit the gnoll but do no damage. The gnoll hits you with a +0 flail!
* * * LOW HITPOINT WARNING * * *
You hit the gnoll.
The gnoll is moderately wounded.
The gnoll hits you with a +0 flail.
You die...

#.# #.......# ##.##
#.###...#
#####.).###.# ##.##
####...†....##.# #.#
#..........###.# #.###
....#..#.####.# #.#.##
.#. #.........#
#....## #. ##.#g######
##.....## (##.#@##
#...§...# #........##
##..§..## ..###.....##
##...### ##.......##
##.#.## #
#.........####....####
+.........'...........
#.........####....####
##.......## ##.#.####
##.....## ##.....#


You could see a gnoll.

Vanquished Creatures
  3 adders
  A gnoll (D:3)
  2 endoplasms
  2 giant cockroaches (D:2)
  2 goblins (D:1)
  3 hobgoblins (D:2)
  3 jackals (D:1)
  A kobold (D:1)
  A ball python (D:1)
  2 bats (D:1)
  A frilled lizard (D:2)
  A rat (D:2)
22 creatures vanquished.

Vanquished Creatures (others)
  13 foxfires
13 creatures vanquished.

Grand Total: 35 creatures vanquished

Notes
Turn   | Place    | Note
-------+----------+-------------------------------------------
     0 | D:1      | kirbo the Demigod Fire Elementalist began the quest for the
                  | Orb.
     0 | D:1      | Reached XP level 1. HP: 14/14 MP: 5/5
   426 | D:1      | Reached skill level 1 in Conjurations
   426 | D:1      | Reached XP level 2. HP: 19/20 MP: 5/7
   604 | D:2      | Reached skill level 1 in Fighting
   659 | D:2      | Reached XP level 3. HP: 26/28 MP: 6/8
   697 | D:2      | Learned a level 2 spell: Scorch
   853 | D:3      | Reached skill level 1 in Armour
   869 | D:3      | HP: 1/28 [gnoll/+0 flail (7)]
   870 | D:3      | Slain by a gnoll

Illustrated notes

Levels and vault maps discovered:
D:1:      reono_arrival_forest_river, layout_loops_ring
D:2:      layout_basic
D:3:      layout_loops_corners, minitemple, kennysheep_generic_room_12

Skill      XL: |  1  2  3 |
---------------+----------+-----
Dodging        | 2 |  2.3
Stealth        | 2 |  2.1
Conjurations   | 1 |  1.0
Fighting       | 1 |  1.1
Armour         | 1 |  1.0
Short Blades   | |  0.5
Unarmed Combat | |  0.1
Spellcasting   | |  1.8
Fire Magic     | |  2.9

Action                     || total
---------------------------++-------
  Melee: Unarmed           ||    63
         Dagger            ||    82
         Punch             ||     3
   Cast: Foxfire           ||     9
         Scorch            ||     1
 Armour: Robe              ||    29
         Ring mail         ||    31
  Dodge: Dodged            ||   136
